 Dungeon Crawl Stone Soup version 0.29.1-13-g9f3cf754e1 (webtiles) character file.

Game seed: 6815240655450269806

9 shadowmeld the Sneak (level 2, -1/13 HPs)
             Began as a Spriggan Enchanter on Jan 27, 2023.
             Frozen to death by an endoplasm (4 damage)
             ... on level 1 of the Dungeon.
             The game lasted 00:01:13 (323 turns).

shadowmeld the Sneak (Spriggan Enchanter)            Turns: 323, Time: 00:01:13

Health: -1/13      AC:  2    Str:  4    XL:     2   Next: 6%
Magic:  6/6        EV: 17    Int: 16    God:
Gold:   24         SH:  0    Dex: 15    Spells: 6/6 levels left

rFire   . . .      SeeInvis +   a - +1 dagger
rCold   . . .      Faith    .   (no shield)
rNeg    . . .      Spirit   .   b - +0 robe
rPois   .          Reflect  .   (helmet restricted)
rElec   .          Harm     .   (no cloak)
rCorr   .          Rampage  .   (gloves unavailable)
Will    .....                   (boots unavailable)
Stlth   +++.......              (no amulet)
HPRegen 0.04/turn               (no ring)
MPRegen 0.10/turn               (no ring)

@: very quick
A: very small, no large weapons, unfitting armour, see invisible, speed 3
a: no special abilities


You were on level 1 of the Dungeon.
You visited 1 branch of the dungeon, and saw 1 of its levels.

You collected 24 gold pieces.

Inventory:

Hand Weapons
 a - a +1 dagger (weapon)
Armour
 b - a +0 robe (worn)
Scrolls
 d - a scroll of noise {unknown}
Potions
 c - 2 potions of invisibility
 e - a potion of brilliance {unknown}


   Skills:
 + Level 1.1 Short Blades
 + Level 2.9 Dodging
 + Level 4.9 Stealth
 + Level 2.8 Spellcasting
 + Level 3.9 Hexes


You had 6 spell levels left.
You didn't know any spells.
Your spell library contained the following spells:

 Spells                   Type           Power      Damage    Failure   Level
 Confusing Touch          Hex            14%        N/A       12%         3
 Tukima's Dance           Hex            14%        N/A       12%         3
 Ensorcelled Hibernation  Hex/Ice        16%        N/A       13%         2
 Dazzling Flash           Conj/Hex       16%        N/A       26%         3


Dungeon Overview and Level Annotations

Branches:
Dungeon (1/15)

Altars:


Innate Abilities, Weirdness & Mutations

You are very small and have problems with some larger weapons.
You are too small for most types of armour.
You have supernaturally acute eyesight. (SInv)
You cover ground extremely quickly. (Speed+++)


Message History

The hobgoblin closely misses you. The endoplasm barely misses you.
The quokka closely misses you.
You closely miss the hobgoblin. The hobgoblin barely misses you.
The endoplasm freezes you.
You are frozen.
The quokka bites you.
There are monsters nearby!
You see here a hobgoblin corpse.
A hobgoblin comes into view.
The hobgoblin shouts!
You hit the hobgoblin.
The hobgoblin is severely wounded.
The hobgoblin completely misses you.
You hit the hobgoblin.
You kill the hobgoblin!
You see here a hobgoblin corpse.
You hit the quokka.
The quokka is moderately wounded.
The quokka barely misses you.
You barely miss the quokka.
The quokka is moderately wounded.
The quokka barely misses you.
You closely miss the quokka. You punch the quokka.
The quokka is heavily wounded.
The quokka completely misses you.
You hit the quokka.
The quokka is severely wounded.
The quokka barely misses you.
You hit the quokka.
You kill the quokka!
You have reached level 2!
You hit the hobgoblin but do no damage. The hobgoblin closely misses you.
You hit the hobgoblin.
The hobgoblin is heavily wounded.
The hobgoblin hits you.
* * * LOW HITPOINT WARNING * * *
You hit the hobgoblin.
You kill the hobgoblin!
The endoplasm freezes you.
You are frozen.
You die...

.. ##.############ .#
..............# .#
##.##########.##.# ..#
#.##.#
###########.###.##.#
..........#.#....#.######
####.####.#.#.##.†.......
#.......#.#...##@#.######
#.#####.#.#.####J..#
#.#...#.#.#.# #.#.#
#.#...#.#.#.# #.#.#
#...<.#.#.'.# #.#†#######.
#.#...#.#.#.# #.#.J.......
#.#...#.#.#.####.#.....###
#.#####.#.#.##....g..#...#
#.......#.#.##.....J.###.#


You could see an endoplasm.

Vanquished Creatures
  2 endoplasms (D:1)
  3 hobgoblins (D:1)
  A quokka (D:1)
  2 rats (D:1)
8 creatures vanquished.

Notes
Turn   | Place    | Note
-------+----------+-------------------------------------------
     0 | D:1      | shadowmeld the Spriggan Enchanter began the quest for the
                  | Orb.
     0 | D:1      | Reached XP level 1. HP: 9/9 MP: 5/5
   320 | D:1      | Reached XP level 2. HP: 6/13 MP: 6/6
   323 | D:1      | Frozen to death by an endoplasm

Illustrated notes

Levels and vault maps discovered:
D:1:      matt_arrival_refuge, layout_basic, serial_corexii_hall,
          chequers_hall_statues_corner_a, chequers_hall_statues_y,
          corexii_hall_statues_u, shapermc_ecumenical_altar_ellora

Action                   || total
-------------------------++-------
Melee: Dagger            ||    24
       Punch             ||     1
 Stab: Sleeping          ||     3
Armor: Robe              ||     1
Dodge: Dodged            ||    18
